 Dungeon Crawl Stone Soup version 0.30-a0-919-g9323dee000 (webtiles) character file.

Game seed: 14928247391173858403

3744 Ijustatesigmund the Thaumaturge (level 9, 0/52 HPs)
             Began as a Deep Elf Conjurer on Mar 21, 2023.
             Killed from afar by a manticore (14 damage)
             ... with a volley of spikes
             ... on level 8 of the Dungeon.
             The game lasted 00:18:20 (10537 turns).

Ijustatesigmund the Thaumaturge (DECj)             Turns: 10537, Time: 00:18:20

Health: 0/52       AC:  6    Str:  4    XL:     9   Next: 93%
Magic:  25/25      EV: 18    Int: 28    God:
Gold:   295        SH:  0    Dex: 13    Spells: 20/28 levels left

rFire   . . .      SeeInvis +    t - +2 sling
rCold   . . .      Faith    .    (no shield)
rNeg    . . .      Spirit   .    a - +1 robe
rPois   .          Reflect  .    (no helmet)
rElec   .          Rampage  .    y - +2 cloak
rCorr   .                        (no gloves)
Will    .....                    (no boots)
Stlth   ++                       q - amulet of the acrobat
HPRegen 0.28/turn                p - ring of see invisible
MPRegen 0.19/turn                B - +5 ring of evasion

@: spiked
A: no striking features
a: no special abilities


You were on level 8 of the Dungeon.
You visited 1 branch of the dungeon, and saw 8 of its levels.

You collected 295 gold pieces.

Inventory:

Hand Weapons
 c - a +1 short sword of protection
 k - a +2 dagger of draining
 t - a +2 sling (weapon)
Missiles
 g - a curare-tipped dart (quivered)
Armour
 a - a +1 robe (worn)
 y - a +2 cloak (worn)
Jewellery
 n - a ring of fire
 o - an amulet of guardian spirit
 p - a ring of see invisible (left hand)
 q - an amulet of the acrobat (around neck)
 B - a +5 ring of evasion (right hand)
Wands
 s - a wand of paralysis (3)
 w - a wand of roots (16)
Scrolls
 d - a scroll of identify
 e - a scroll of amnesia
 m - a scroll of teleportation
 r - 3 scrolls of poison
 x - a scroll of blinking
Potions
 b - a potion of magic
 f - 4 potions of ambrosia
 h - 2 potions of brilliance
 i - 2 potions of resistance
 j - 2 potions of curing
 l - a potion of attraction
 u - 2 potions of lignification {unknown}
 v - 2 potions of might {unknown}
 z - a potion of haste {unknown}
 A - a potion of heal wounds {unknown}
 D - a potion of cancellation {unknown}


   Skills:
 - Level 4.0 Fighting
 - Level 3.0 Ranged Weapons
 + Level 4.3 Dodging
 - Level 2.4 Stealth
 + Level 10.0 Spellcasting
 + Level 9.2 Conjurations
 + Level 7.9 Translocations
 + Level 1.1 Evocations


You had 20 spell levels left.
You knew the following spells:

 Your Spells              Type           Power      Damage    Failure   Level
a - Magic Dart            Conj           100%       1d8       1%          1
b - Searing Ray           Conj           100%       2d8       1%          2
c - Iskenderun's Mystic   Conj/Tloc      58%        2d12      1%          4
d - Apportation           Tloc           100%       N/A       1%          1

Your spell library contained the following spells:

 Spells                   Type           Power      Damage    Failure   Level
 Dazzling Flash           Conj/Hex       78%        N/A       1%          3
 Fulminant Prism          Conj/Hex       19%        3d10      6%          4
 Alistair's Intoxication  Tmut/Pois      9%         N/A       73%         5


Dungeon Overview and Level Annotations

Branches:
Dungeon (8/15)             Temple (0/1) D:5
   Lair: D:8-11

Altars:


Message History

The grasping roots constrict the manticore.
The grasping roots constrict the manticore!
You hear a loud, deep croak!
The manticore flicks its tail.
The volley of spikes hits you!
The barbed spikes become lodged in your body.
The manticore escapes!
Throw: 3 darts (curare)
Press: ? - help, Q - select action, (/) - cycle Shift-Dir - straight line, f/p - manticore
Aim: a manticore (severely wounded, very poisoned, slow, 70% to hit)
You throw a curare-tipped dart.
The curare-tipped dart hits the manticore.
The manticore looks as sick as possible!
The manticore convulses.
The manticore seems to be slow for longer.
The manticore is severely wounded.
The grasping roots constrict the manticore!
The roots release their grip on the manticore.
Throw: 2 darts (curare)
Press: ? - help, Q - select action, (/) - cycle Shift-Dir - straight line, f - manticore, p - manticore
Aim: a manticore (moderately wounded, 70% to hit)
You throw a curare-tipped dart.
The curare-tipped dart barely misses the manticore.
The manticore flicks its tail.
The volley of spikes misses you.
The manticore flicks its tail.
The volley of spikes hits you!!
The barbed spikes become lodged in your body.
* * * LOW HITPOINT WARNING * * *
Aiming: Fastroot
Press: ? - help, Shift-Dir - straight line, f/p - manticore
Aim: a manticore (moderately wounded)
The roots erupt in riotous growth!
Roots grab the manticore. x2
The grasping roots constrict the manticore. x2
You kill the manticore!
The manticore flicks its tail.
The volley of spikes hits you!
The barbed spikes become lodged in your body.
You die...

#.[..############
#### ####.# #.#
#.## #..# ##.##
#..# ##.# #@#
#......#
###..((.. #.H...
..... #..( ###


You could see a manticore (rooted).

Vanquished Creatures
  Pikel (D:7)
  A manticore (D:8)
  A komodo dragon (D:7)
  Prince Ribbit (D:7)
  Grinder (D:6)
  A wraith (D:7)
  2 water moccasins (D:7)
  Duvessa (D:7)
  An orc warrior (D:7)
  An ice beast (D:7)
  A sky beast (D:6)
  3 ogres
  4 lemures (D:7)
  A phantom (D:6)
  A gnoll sergeant (D:6)
  A kobold brigand (D:7)
  2 bullfrogs (D:6)
  4 wights (D:8)
  5 scorpions
  Dowan (D:7)
  A howler monkey (D:6)
  A vampire bat (D:5)
  A jelly (D:6)
  Crazy Yiuf (D:7)
  2 orc priests (D:7)
  A sleepcap (D:7)
  4 iguanas
  4 orc wizards (D:7)
  10 gnolls (D:6)
  10 adders
  2 white imps
  2 ufetubi
  2 dart slugs
  3 fire bats (D:5)
  14 orcs
  2 spectral bats (D:5)
  16 bats
  3 bat skeletons (D:5)
  A bat zombie (D:5)
  6 endoplasms
  6 giant cockroaches
  7 hobgoblins
  11 kobolds
  2 quokkas (D:1)
  9 ball pythons
  A bat simulacrum (D:5)
  A frilled lizard (D:1)
  3 goblins
  4 rats (D:1)
164 creatures vanquished.

Notes
Turn   | Place    | Note
-------+----------+-------------------------------------------
     0 | D:1      | Ijustatesigmund the Deep Elf Conjurer began the quest for
                  | the Orb.
     0 | D:1      | Reached XP level 1. HP: 10/10 MP: 6/6
   253 | D:1      | Reached XP level 2. HP: 15/15 MP: 5/8
   256 | D:1      | Learned a level 2 spell: Searing Ray
   768 | D:1      | Reached skill level 4 in Spellcasting
   841 | D:1      | Reached XP level 3. HP: 19/19 MP: 4/10
   887 | D:1      | Reached skill level 5 in Conjurations
  1829 | D:2      | Reached XP level 4. HP: 24/24 MP: 6/12
  1888 | D:2      | Learned a level 4 spell: Iskenderun's Mystic Blast
  2569 | D:3      | Found a faded altar of an unknown god.
  2695 | D:3      | Reached skill level 1 in Translocations
  2849 | D:3      | Reached skill level 5 in Spellcasting
  3196 | D:3      | Reached XP level 5. HP: 28/28 MP: 9/14
  4084 | D:4      | Noticed an ogre
  4089 | D:4      | Killed an ogre
  4090 | D:4      | Reached skill level 1 in Ranged Weapons
  4090 | D:4      | Reached XP level 6. HP: 32/32 MP: 11/16
  4548 | D:5      | Entered Level 5 of the Dungeon
  4677 | D:5      | Reached skill level 6 in Spellcasting
  4725 | D:5      | Reached XP level 7. HP: 36/36 MP: 15/18
  5010 | D:5      | Found a staircase to the Ecumenical Temple.
  5767 | D:6      | Reached skill level 1 in Fighting
  6219 | D:6      | Reached skill level 7 in Spellcasting
  6219 | D:6      | Reached skill level 5 in Translocations
  6290 | D:6      | Reached XP level 8. HP: 44/44 MP: 15/20
  7284 | D:6      | Noticed Grinder
  7300 | D:6      | Killed Grinder
  7301 | D:6      | Reached skill level 8 in Spellcasting
  7454 | D:7      | Noticed Duvessa
  7460 | D:7      | Noticed Dowan
  7465 | D:7      | Killed Duvessa
  7469 | D:7      | Killed Dowan
  7666 | D:7      | Identified the +6 whip "Beast's Nightmare" {antimagic,
                  | Str+2 Int+5}
  7744 | D:7      | Reached XP level 9. HP: 51/51 MP: 16/23
  8174 | D:7      | Learned a level 1 spell: Apportation
  8201 | D:7      | Noticed Prince Ribbit
  8210 | D:7      | Killed Prince Ribbit
  8387 | D:7      | Found a runed translucent door.
  8388 | D:7      | Noticed Crazy Yiuf
  8397 | D:7      | Killed Crazy Yiuf
  8398 | D:7      | Reached skill level 9 in Spellcasting
  9287 | D:7      | Noticed a komodo dragon
  9297 | D:7      | Killed a komodo dragon
  9687 | D:7      | Noticed Pikel
  9697 | D:7      | Killed Pikel
 10313 | D:8      | Reached skill level 10 in Spellcasting
 10315 | D:8      | Reached skill level 1 in Evocations
 10532 | D:8      | Noticed a manticore
 10532 | D:8      | Noticed a manticore
 10537 | D:8      | Killed a manticore
 10537 | D:8      | Killed from afar by a manticore

Illustrated notes

Levels and vault maps discovered:
D:1:      dpeg_arrival_water_fire, layout_basic
D:2:      layout_basic
D:3:      layout_basic, nicolae_ecumenical_pavilion
D:4:      layout_rooms
D:5:      layout_cave_pools, minmay_temple_entry_from_below_a, goddamned_bats
D:6:      layout_rooms, hangedman_decor_clover_reticule, uniq_grinder
D:7:      layout_loops_corners, uniq_crazy_yiuf_cottage, uniq_duvessa,
          uniq_pikel, uniq_prince_ribbit1
D:8:      minmay_opposing_rooms, layout_basic, minmay_misc_feat_square,
          kennysheep_generic_room_14

Skill      XL: |  1  2  3  4  5  6  7  8  9 |
---------------+----------------------------+-----
Spellcasting   | 4 5 6 7 8 10 | 10.0
Conjurations   | 5 6 7 8 9 |  9.2
Translocations | 1 3 4 5 6 7 |  7.9
Ranged Weapons | 1 2 3 |  3.0
Fighting       | 1 3 4 |  4.0
Dodging        | 4 |  4.3
Evocations     | 1 |  1.1
Stealth        | |  2.4

Action                     |  1- 3 |  4- 6 |  7- 9 || total
---------------------------+-------+-------+-------++-------
  Melee: Short sword       |     1 |       |       ||     1
   Fire: Sling             |       |     6 |    42 ||    48
  Throw: Dart              |     1 |     3 |    37 ||    41
   Cast: Magic Dart        |    61 |    59 |    67 ||   187
         Searing Ray       |     4 |    12 |    49 ||    65
         Iskenderun's Myst |       |       |    25 ||    25
  Evoke: Wand              |       |     1 |     6 ||     7
    Use: Scroll            |       |     8 |     6 ||    14
         Potion            |       |       |     4 ||     4
 Armour: Robe              |     3 |       |    19 ||    22
  Dodge: Dodged            |     4 |    14 |    82 ||   100

Table legend: (Time is in decaauts)
 A = Elapsed time spent in this place.
 B = Non-inter-level travel time spent in this place.
 C = Inter-level travel time spent in this place.
 D = Time resting spent in this place.
 E = Time spent auto-exploring this place.
 F = Levels seen in this place.
 G = Mean time per level.
                   A        B        C        D        E       F      G
               +--------+--------+--------+--------+--------+-----+--------+
         Total |  10551 |  10380 |    171 |   4111 |   5300 |   8 | 1318.9 |
       Dungeon |  10551 |  10380 |    171 |   4111 |   5300 |   8 | 1318.9 |
               +--------+--------+--------+--------+--------+-----+--------+

Top non-repeatable levels by time:
     D:7: 2849 daAuts
     D:6: 1537 daAuts
     D:1: 1375 daAuts
     D:5: 1373 daAuts
     D:2: 1196 daAuts
     D:3: 1006 daAuts
     D:4: 972 daAuts
     D:8: 239 daAuts
